 Dungeon Crawl Stone Soup version 0.32-a0-314-g526f7d4 (webtiles) character file.

Game seed: 6080972883052592086

834 edsrzf the Chopper (level 7, 0/50 (55) HPs)
             Began as a Mountain Dwarf Reaver on Feb 15, 2024.
             Was an Initiate of Beogh.
             Slain by a wight
             ... wielding a +0 mace
              (2 damage)
             ... on level 5 of the Dungeon.
             The game lasted 00:15:50 (5201 turns).

edsrzf the Chopper (Mountain Dwarf Reaver)          Turns: 5201, Time: 00:15:51

HP:   0/50 (55)     AC:  7    Str: 16    XL:     7   Next: 66%
MP:   8/10          EV: 31    Int: 14    God:    Beogh [......]
Gold: 294           SH:  0    Dex:  8    Spells: 5/10 levels left

rFire   . . .        a - +0 hand axe
rCold   . . .        (no shield)
rNeg    . . .        h - +3 leather armour
rPois   .            (no helmet)
rElec   .            f - +0 cloak {Will+}
rCorr   .            (no gloves)
SInv    .            (no boots)
Will    ++...        r - amulet of the acrobat
Stlth   +            c - +5 ring of evasion
HPRegen 0.28/turn    (no ring)
MPRegen 0.12/turn

%: acrobat
@: acrobatic, on blink cooldown, drained
A: runic magic, artefact enchanting, iridescent scales 1, deformed body,
strong-willed 1, wild magic 1
a: Renounce Religion


You were on level 5 of the Dungeon.
You worshipped Beogh.
Beogh was noncommittal.
You visited 1 branch of the dungeon, and saw 5 of its levels.

You collected 294 gold pieces.

Inventory:

Hand Weapons
 a - a +0 hand axe (weapon)
Missiles
 g - 5 datura-tipped darts
 i - 6 poisoned darts
Armour
 f - a +0 cloak of willpower (worn)
 h - a +3 leather armour (worn)
Jewellery
 c - a +5 ring of evasion (left hand)
 r - an amulet of the acrobat (around neck)
Wands
 m - a wand of polymorph (6)
 q - a wand of flame (18)
Scrolls
 d - 4 scrolls of identify {@r1}
 j - a scroll of vulnerability
 k - a scroll of poison {unknown}
 l - a scroll of immolation {unknown}
Potions
 o - 2 potions of attraction


   Skills:
 + Level 2.2 Fighting
 + Level 7.2 Axes
 - Level 1.3 Dodging
 - Level 2.0 Spellcasting
 - Level 4.0 Conjurations
 - Level 3.2 Necromancy
 - Level 4.0 Translocations


You had 5 spell levels left.
You knew the following spells:

 Your Spells              Type           Power      Damage    Failure   Level
a - Kiss of Death         Conj/Necr      60%        2d10      9%          1
b - Momentum Strike       Conj/Tloc      32%        3d8       11%         2
c - Blink                 Tloc           32%        N/A       11%         2

Your spell library contained the following spells:

 Spells                   Type           Power      Damage    Failure   Level
 Lesser Beckoning         Tloc           32%        N/A       11%         2
 Sting                    Conj/Alch      36%        1d5       16%         1
 Hailstorm                Conj/Ice       9%         3d6       41%         3
 Jinxbite                 Hex            2%         N/A       45%         2
 Mercury Vapours          Alch/Air       2%         N/A       45%         2
 Call Canine Familiar     Summ           1%         N/A       67%         3
 Sigil of Binding         Hex            1%         N/A       67%         3
 Dimensional Bullseye     Hex/Tloc       4%         N/A       78%         4
 Olgreb's Toxic Radiance  Alch           1%         N/A       96%         4
 Yara's Violent Unravell  Hex/Alch       0%         3d3       100%        5
 Enfeeble                 Hex            0%         N/A       100%        7


Dungeon Overview and Level Annotations

Branches:
Dungeon (5/15)             Temple (0/1) D:5

Altars:
Uskayaw
Wu Jian
Xom
Zin

Shops:
D:5 ?

Annotations:
D:2 1 runed translucent door, Crazy Yiuf
D:4 1 runed translucent door, Dawnplanks's ghost, amateur MDFi


Innate Abilities, Weirdness & Mutations

Your spellcasting is much less encumbered by armour.
You can use scrolls of enchantment on lesser artefacts.
You are partially covered in iridescent scales. (AC +2)
Armour fits poorly on your strangely shaped body.
You are strong-willed. (Will+)
Your spells are a little harder to cast, but a little more powerful.


Message History

The dart slug misses you.
You slash the dart slug!
The dart slug is severely wounded.
You hit the dart slug.
You kill the dart slug!
Beogh accepts your kill.
Found 16 gold pieces.
You see here a maw talisman.
You now have 294 gold pieces (gained 16).
Found a stone staircase leading down.
A bombardier beetle comes into view.
You hit the bombardier beetle but do no damage.
The bombardier beetle sprays incendiary fluid at you.
The burning spray hits you.
You are covered in liquid fire!
You hit the bombardier beetle.
The bombardier beetle is lightly wounded.
The liquid fire burns you!
You hit the bombardier beetle but do no damage.
The bombardier beetle is lightly wounded.
The liquid fire burns you! The bombardier beetle bites you.
You barely miss the bombardier beetle.
The bombardier beetle is lightly wounded.
The liquid fire burns you!
You hit the bombardier beetle but do no damage.
The bombardier beetle is lightly wounded.
The liquid fire burns you!
The bombardier beetle sprays incendiary fluid at you.
The burning spray hits you.
You are even more covered in liquid fire!
You barely miss the bombardier beetle.
The bombardier beetle is lightly wounded.
The liquid fire burns you!
You hit the bombardier beetle but do no damage.
The bombardier beetle is lightly wounded.
The liquid fire burns you!
The bombardier beetle sprays incendiary fluid at you.
The burning spray hits you.
You are even more covered in liquid fire!
You hit the bombardier beetle.
The bombardier beetle is moderately wounded.
The liquid fire burns you!
The bombardier beetle closely misses you.
Casting: Blink (safe; 11% risk of failure)
Confirm with . or Enter, or press ? or * to list all spells.
You blink.
The liquid fire burns you!
Unknown command.
You shake off some of the fire as you move.
The liquid fire burns you!
You shake off some of the fire as you move.
The liquid fire burns you!
You shake off some of the fire as you move.
The liquid fire burns you!
* * * LOW HITPOINT WARNING * * *
You shake off some of the fire as you move.
The liquid fire burns you!
* * * LOW HITPOINT WARNING * * *
You shake off some of the fire as you move.
The liquid fire burns you!
* * * LOW HITPOINT WARNING * * *
You feel ready to blink again.
You shake off some of the fire as you move.
The liquid fire burns you!
* * * LOW HITPOINT WARNING * * *
Okay, then.
Okay, then.
Okay, then.
You shake off the liquid fire.
A wight comes into view. It is wielding a +5 scimitar.
The wight misses you.
Okay, then.
Okay, then.
Casting: Blink (safe; 11% risk of failure)
Confirm with . or Enter, or press ? or * to list all spells.
You blink.
Okay, then.
Throw: 2 throwing nets {=f}
Press: ? - help, Shift-Dir - straight line, f - wight
Aim: a wight, wielding a +5 scimitar and wearing a +0 robe (50% to hit)
You throw a throwing net {=f}.
The throwing net {=f} barely misses the wight.
The wight hits you with a +5 scimitar.
* * * LOW HITPOINT WARNING * * *
You feel drained.
* * * LOW HITPOINT WARNING * * *
Throw: throwing net {=f}
Press: ? - help, Shift-Dir - straight line, f/p - wight
Aim: a wight, wielding a +5 scimitar and wearing a +0 robe (50% to hit)
You throw a throwing net {=f}.
The throwing net {=f} completely misses the wight.
The wight barely misses you.
Okay, then.
Okay, then.
Okay, then.
A wight comes into view. It is wielding a +0 mace.
Found a staircase to the Ecumenical Temple.
The wight hits you with a +0 mace.
You die...

#. #. #. ## #. .#
.###### #.# .######
......###.# ......#
#.....###z.....#
#..##(.z@...⌠..#
#######..####.##.....#
.........# #.# .>.⌠#
#########.## #.# ....
..........# #.# ...
########### ... .. ...
. ...


You could see 2 wights.

Vanquished Creatures
  A centaur (D:4)
  A bullfrog (D:4)
  A wight (D:5)
  2 bombardier beetles (D:3)
  2 jellies
  Natasha (thrice) (D:4)
  2 sleepcaps
  3 iguanas
  2 adders
  10 gnolls
  A river rat (D:5)
  An ufetubus (D:5)
  2 ribbon worms (D:4)
  3 dart slugs
  9 orcs
  7 endoplasms
  6 giant cockroaches
  8 goblins
  6 hobgoblins
  5 quokkas
  9 ball pythons
  5 bats
  2 frilled lizards
  9 kobolds
  5 rats
105 creatures vanquished.

Vanquished Creatures (others)
  An angel (D:4)
  A ribbon worm (D:4)
2 creatures vanquished.

Grand Total: 107 creatures vanquished

Notes
Turn   | Place    | Note
-------+----------+-------------------------------------------
     0 | D:1      | edsrzf the Mountain Dwarf Reaver began the quest for the
                  | Orb.
     0 | D:1      | Reached XP level 1. HP: 17/17 MP: 3/3
    51 | D:1      | Reached skill level 2 in Spellcasting
   115 | D:1      | Reached skill level 3 in Conjurations
   115 | D:1      | Reached XP level 2. HP: 24/24 MP: 5/5
   193 | D:1      | Reached skill level 1 in Necromancy
   642 | D:1      | Reached XP level 3. HP: 29/29 MP: 6/6
  1150 | D:2      | Reached skill level 2 in Necromancy
  1256 | D:2      | Reached XP level 4. HP: 24/32 MP: 5/7
  1478 | D:2      | Reached skill level 4 in Conjurations
  1580 | D:2      | Found a runed translucent door.
  1584 | D:2      | Learned a level 2 spell: Momentum Strike
  1587 | D:2      | Learned a level 2 spell: Blink
  1587 | D:2      | Noticed Crazy Yiuf
  1621 | D:2      | Reached skill level 3 in Necromancy
  1639 | D:2      | You fall into a shaft and drop 1 floor!
  1830 | D:3      | Found a hide-covered altar of Uskayaw.
  2126 | D:3      | Reached XP level 5. HP: 35/35 MP: 8/8
  2239 | D:3      | Reached skill level 4 in Axes
  2381 | D:3      | Found a faded altar of an unknown god.
  2395 | D:3      | Identified 2 potions of attraction
  2397 | D:3      | Reached skill level 1 in Translocations
  2397 | D:3      | Identified a potion of invisibility
  2768 | D:4      | Noticed Natasha
  2779 | D:4      | Killed Natasha
  2968 | D:4      | Noticed Blork the orc
  2981 | D:4      | Blork the orc changed into Blork the jelly
  2981 | D:4      | Noticed Blork
  3030 | D:4      | Killed Blork the jelly
  3031 | D:4      | Reached skill level 5 in Axes
  3031 | D:4      | Reached XP level 6. HP: 18/42 MP: 9/9
  3164 | D:4      | Reached skill level 2 in Translocations
  3287 | D:4      | Found a glowing silver altar of Zin.
  3287 | D:4      | Noticed an angel
  3324 | D:4      | Found a shimmering altar of Xom.
  3335 | D:4      | Identified a potion of mutation
  3335 | D:4      | Gained mutation: You are partially covered in iridescent
                  | scales. (AC +2) [potion of mutation]
  3335 | D:4      | Gained mutation: Your spells are a little harder to cast,
                  | but a little more powerful. [potion of mutation]
  3335 | D:4      | Gained mutation: Armour fits poorly on your strangely
                  | shaped body. [potion of mutation]
  3335 | D:4      | Gained mutation: You are strong-willed. (Will+) [potion of
                  | mutation]
  3343 | D:4      | Identified 5 scrolls of identify
  3343 | D:4      | Identified 2 scrolls of fear
  3347 | D:4      | Identified 2 scrolls of vulnerability
  3349 | D:4      | Identified 2 scrolls of teleportation
  3538 | D:4      | Noticed Natasha
  3553 | D:4      | Killed Natasha
  3608 | D:4      | Noticed Natasha
  3631 | D:4      | Killed Natasha
  3729 | D:4      | Killed an angel
  3791 | D:4      | Reached skill level 6 in Axes
  3840 | D:4      | Found an ornate altar of the Wu Jian Council.
  3934 | D:4      | Found a runed translucent door.
  3935 | D:4      | Noticed Dawnplanks's ghost (amateur MDFi)
  3951 | D:4      | Found a runed translucent door.
  3982 | D:4      | Reached skill level 3 in Translocations
  3982 | D:4      | Reached XP level 7. HP: 48/55 MP: 10/10
  4564 | D:5      | Entered Level 5 of the Dungeon
  4713 | D:5      | Became a worshipper of Beogh the Shepherd
  4776 | D:5      | Identified a potion of curing
  4793 | D:5      | Found The Oracle's Delphic Readings.
  4812 | D:5      | Identified a potion of lignification
  4990 | D:5      | Reached skill level 7 in Axes
  5016 | D:5      | Reached skill level 4 in Translocations
  5198 | D:5      | HP: 2/52 [wight/+5 scimitar (3)]
  5200 | D:5      | Found a staircase to the Ecumenical Temple.
  5201 | D:5      | Slain by a wight

Illustrated notes

Levels and vault maps discovered:
D:1:      psy_arrival_spokes, layout_basic, dreamdust_wishing_well,
          minmay_tall_x
D:2:      layout_basic, minmay_pentomino_x2, uniq_crazy_yiuf_cottage
D:3:      layout_rooms, general_overflow_altar,
          chequers_ecumenical_altar_simple_redux
D:4:      layout_loops_cross, grunt_temple_overflow_order_and_chaos_1,
          nzn_wu_jian_council_hall, ebering_ghost_sewer_f, uniq_blork_the_orc,
          uniq_natasha
D:5:      layout_loops_ring, kennysheep_orc_sif_temple, temple_fountains,
          nicolae_nh_oracle_at_delphi

Skill      XL: |  1  2  3  4  5  6  7 |
---------------+----------------------+-----
Spellcasting   | 2 |  2.0
Conjurations   | 3 4 |  4.0
Necromancy     | 1 2 3 |  3.2
Axes           | 5 6 7 |  7.2
Translocations | 1 3 4 |  4.0
Fighting       | |  2.2
Dodging        | |  1.3

Action                     |  1- 3 |  4- 6 |  7- 9 || total
---------------------------+-------+-------+-------++-------
  Melee: Hand axe          |    93 |   266 |   175 ||   534
  Throw: Dart              |       |     1 |       ||     1
         Throwing net      |       |       |     2 ||     2
   Cast: Kiss of Death     |     1 |     3 |       ||     4
         Blink             |       |     1 |     2 ||     3
 Invoke: Convert to Beogh  |       |       |     1 ||     1
  Evoke: Wand              |       |     2 |     5 ||     7
    Use: Potion            |       |     3 |     2 ||     5
         Scroll            |       |     5 |     2 ||     7
 Armour: Leather armour    |    36 |   128 |    65 ||   229
         Skin              |       |       |     4 ||     4
  Dodge: Dodged            |    70 |   220 |   110 ||   400

Table legend: (Time is in decaauts)
 A = Elapsed time spent in this place.
 B = Non-inter-level travel time spent in this place.
 C = Inter-level travel time spent in this place.
 D = Time resting spent in this place.
 E = Time spent auto-exploring this place.
 F = Levels seen in this place.
 G = Mean time per level.
                   A        B        C        D        E       F      G
               +--------+--------+--------+--------+--------+-----+--------+
         Total |   5221 |   5111 |    110 |   1192 |   2415 |   5 | 1044.2 |
       Dungeon |   5221 |   5111 |    110 |   1192 |   2415 |   5 | 1044.2 |
               +--------+--------+--------+--------+--------+-----+--------+

Top non-repeatable levels by time:
     D:4: 1876 daAuts
     D:1: 1108 daAuts
     D:3: 814 daAuts
     D:2: 789 daAuts
     D:5: 632 daAuts
